%YAML 1.1
%TAG !u! tag:unity3d.com,2011:
--- !u!29 &1
OcclusionCullingSettings:
  m_ObjectHideFlags: 0
  serializedVersion: 2
  m_OcclusionBakeSettings:
    smallestOccluder: 5
    smallestHole: 0.25
    backfaceThreshold: 100
  m_SceneGUID: 00000000000000000000000000000000
  m_OcclusionCullingData: {fileID: 0}
--- !u!104 &2
RenderSettings:
  m_ObjectHideFlags: 0
  serializedVersion: 9
  m_Fog: 0
  m_FogColor: {r: 0.5, g: 0.5, b: 0.5, a: 1}
  m_FogMode: 3
  m_FogDensity: 0.01
  m_LinearFogStart: 0
  m_LinearFogEnd: 300
  m_AmbientSkyColor: {r: 0.212, g: 0.227, b: 0.259, a: 1}
  m_AmbientEquatorColor: {r: 0.114, g: 0.125, b: 0.133, a: 1}
  m_AmbientGroundColor: {r: 0.047, g: 0.043, b: 0.035, a: 1}
  m_AmbientIntensity: 1
  m_AmbientMode: 3
  m_SubtractiveShadowColor: {r: 0.42, g: 0.478, b: 0.627, a: 1}
  m_SkyboxMaterial: {fileID: 0}
  m_HaloStrength: 0.5
  m_FlareStrength: 1
  m_FlareFadeSpeed: 3
  m_HaloTexture: {fileID: 0}
  m_SpotCookie: {fileID: 10001, guid: 0000000000000000e000000000000000, type: 0}
  m_DefaultReflectionMode: 0
  m_DefaultReflectionResolution: 128
  m_ReflectionBounces: 1
  m_ReflectionIntensity: 1
  m_CustomReflection: {fileID: 0}
  m_Sun: {fileID: 0}
  m_IndirectSpecularColor: {r: 0, g: 0, b: 0, a: 1}
  m_UseRadianceAmbientProbe: 0
--- !u!157 &3
LightmapSettings:
  m_ObjectHideFlags: 0
  serializedVersion: 12
  m_GIWorkflowMode: 1
  m_GISettings:
    serializedVersion: 2
    m_BounceScale: 1
    m_IndirectOutputScale: 1
    m_AlbedoBoost: 1
    m_EnvironmentLightingMode: 0
    m_EnableBakedLightmaps: 0
    m_EnableRealtimeLightmaps: 0
  m_LightmapEditorSettings:
    serializedVersion: 12
    m_Resolution: 2
    m_BakeResolution: 40
    m_AtlasSize: 1024
    m_AO: 0
    m_AOMaxDistance: 1
    m_CompAOExponent: 1
    m_CompAOExponentDirect: 0
    m_ExtractAmbientOcclusion: 0
    m_Padding: 2
    m_LightmapParameters: {fileID: 0}
    m_LightmapsBakeMode: 1
    m_TextureCompression: 1
    m_FinalGather: 0
    m_FinalGatherFiltering: 1
    m_FinalGatherRayCount: 256
    m_ReflectionCompression: 2
    m_MixedBakeMode: 2
    m_BakeBackend: 1
    m_PVRSampling: 1
    m_PVRDirectSampleCount: 32
    m_PVRSampleCount: 512
    m_PVRBounces: 2
    m_PVREnvironmentSampleCount: 256
    m_PVREnvironmentReferencePointCount: 2048
    m_PVRFilteringMode: 1
    m_PVRDenoiserTypeDirect: 1
    m_PVRDenoiserTypeIndirect: 1
    m_PVRDenoiserTypeAO: 1
    m_PVRFilterTypeDirect: 0
    m_PVRFilterTypeIndirect: 0
    m_PVRFilterTypeAO: 0
    m_PVREnvironmentMIS: 1
    m_PVRCulling: 1
    m_PVRFilteringGaussRadiusDirect: 1
    m_PVRFilteringGaussRadiusIndirect: 5
    m_PVRFilteringGaussRadiusAO: 2
    m_PVRFilteringAtrousPositionSigmaDirect: 0.5
    m_PVRFilteringAtrousPositionSigmaIndirect: 2
    m_PVRFilteringAtrousPositionSigmaAO: 1
    m_ExportTrainingData: 0
    m_TrainingDataDestination: TrainingData
    m_LightProbeSampleCountMultiplier: 4
  m_LightingDataAsset: {fileID: 0}
  m_LightingSettings: {fileID: 0}
--- !u!196 &4
NavMeshSettings:
  serializedVersion: 2
  m_ObjectHideFlags: 0
  m_BuildSettings:
    serializedVersion: 3
    agentTypeID: 0
    agentRadius: 0.5
    agentHeight: 2
    agentSlope: 45
    agentClimb: 0.4
    ledgeDropHeight: 0
    maxJumpAcrossDistance: 0
    minRegionArea: 2
    manualCellSize: 0
    cellSize: 0.16666667
    manualTileSize: 0
    tileSize: 256
    buildHeightMesh: 0
    maxJobWorkers: 0
    preserveTilesOutsideBounds: 0
    debug:
      m_Flags: 0
  m_NavMeshData: {fileID: 0}
--- !u!4 &241523712 stripped
Transform:
  m_CorrespondingSourceObject: {fileID: 2616088482749647742, guid: 09aa752805506fd4eaad5ff3a404264c, type: 3}
  m_PrefabInstance: {fileID: 7355356350671623436}
  m_PrefabAsset: {fileID: 0}
--- !u!4 &420801501 stripped
Transform:
  m_CorrespondingSourceObject: {fileID: 3361765051538992820, guid: 09aa752805506fd4eaad5ff3a404264c, type: 3}
  m_PrefabInstance: {fileID: 7355356350671623436}
  m_PrefabAsset: {fileID: 0}
--- !u!1001 &746254102
PrefabInstance:
  m_ObjectHideFlags: 0
  serializedVersion: 2
  m_Modification:
    serializedVersion: 3
    m_TransformParent: {fileID: 0}
    m_Modifications:
    - target: {fileID: 2496557448407938473, guid: 1923ccd15166b3341a7bd75db0b0180e, type: 3}
      propertyPath: m_RootOrder
      value: 1
      objectReference: {fileID: 0}
    - target: {fileID: 2496557448407938473, guid: 1923ccd15166b3341a7bd75db0b0180e, type: 3}
      propertyPath: m_LocalPosition.x
      value: -0.6855236
      objectReference: {fileID: 0}
    - target: {fileID: 2496557448407938473, guid: 1923ccd15166b3341a7bd75db0b0180e, type: 3}
      propertyPath: m_LocalPosition.y
      value: 5.58264
      objectReference: {fileID: 0}
    - target: {fileID: 2496557448407938473, guid: 1923ccd15166b3341a7bd75db0b0180e, type: 3}
      propertyPath: m_LocalPosition.z
      value: 0.041748688
      objectReference: {fileID: 0}
    - target: {fileID: 2496557448407938473, guid: 1923ccd15166b3341a7bd75db0b0180e, type: 3}
      propertyPath: m_LocalRotation.w
      value: 1
      objectReference: {fileID: 0}
    - target: {fileID: 2496557448407938473, guid: 1923ccd15166b3341a7bd75db0b0180e, type: 3}
      propertyPath: m_LocalRotation.x
      value: 0
      objectReference: {fileID: 0}
    - target: {fileID: 2496557448407938473, guid: 1923ccd15166b3341a7bd75db0b0180e, type: 3}
      propertyPath: m_LocalRotation.y
      value: 0
      objectReference: {fileID: 0}
    - target: {fileID: 2496557448407938473, guid: 1923ccd15166b3341a7bd75db0b0180e, type: 3}
      propertyPath: m_LocalRotation.z
      value: 0
      objectReference: {fileID: 0}
    - target: {fileID: 2496557448407938473, guid: 1923ccd15166b3341a7bd75db0b0180e, type: 3}
      propertyPath: m_LocalEulerAnglesHint.x
      value: 0
      objectReference: {fileID: 0}
    - target: {fileID: 2496557448407938473, guid: 1923ccd15166b3341a7bd75db0b0180e, type: 3}
      propertyPath: m_LocalEulerAnglesHint.y
      value: 0
      objectReference: {fileID: 0}
    - target: {fileID: 2496557448407938473, guid: 1923ccd15166b3341a7bd75db0b0180e, type: 3}
      propertyPath: m_LocalEulerAnglesHint.z
      value: 0
      objectReference: {fileID: 0}
    - target: {fileID: 3414036721648894324, guid: 1923ccd15166b3341a7bd75db0b0180e, type: 3}
      propertyPath: m_Icon
      value: 
      objectReference: {fileID: -5397416234189338067, guid: 0000000000000000d000000000000000, type: 0}
    - target: {fileID: 3414036721648894324, guid: 1923ccd15166b3341a7bd75db0b0180e, type: 3}
      propertyPath: m_Name
      value: EnemyObject
      objectReference: {fileID: 0}
    m_RemovedComponents: []
    m_RemovedGameObjects: []
    m_AddedGameObjects: []
    m_AddedComponents: []
  m_SourcePrefab: {fileID: 100100000, guid: 1923ccd15166b3341a7bd75db0b0180e, type: 3}
--- !u!4 &1033064972 stripped
Transform:
  m_CorrespondingSourceObject: {fileID: 7086149834421527272, guid: 09aa752805506fd4eaad5ff3a404264c, type: 3}
  m_PrefabInstance: {fileID: 7355356350671623436}
  m_PrefabAsset: {fileID: 0}
--- !u!4 &1221745848 stripped
Transform:
  m_CorrespondingSourceObject: {fileID: 7113324068325251050, guid: 09aa752805506fd4eaad5ff3a404264c, type: 3}
  m_PrefabInstance: {fileID: 7355356350671623436}
  m_PrefabAsset: {fileID: 0}
--- !u!4 &1273513999 stripped
Transform:
  m_CorrespondingSourceObject: {fileID: 7312939728975840756, guid: 09aa752805506fd4eaad5ff3a404264c, type: 3}
  m_PrefabInstance: {fileID: 7355356350671623436}
  m_PrefabAsset: {fileID: 0}
--- !u!4 &1421979275 stripped
Transform:
  m_CorrespondingSourceObject: {fileID: 2281442949037823100, guid: 09aa752805506fd4eaad5ff3a404264c, type: 3}
  m_PrefabInstance: {fileID: 7355356350671623436}
  m_PrefabAsset: {fileID: 0}
--- !u!4 &1422583222 stripped
Transform:
  m_CorrespondingSourceObject: {fileID: 7840246076323739589, guid: 09aa752805506fd4eaad5ff3a404264c, type: 3}
  m_PrefabInstance: {fileID: 7355356350671623436}
  m_PrefabAsset: {fileID: 0}
--- !u!4 &1514202041 stripped
Transform:
  m_CorrespondingSourceObject: {fileID: 1587168619436523731, guid: 09aa752805506fd4eaad5ff3a404264c, type: 3}
  m_PrefabInstance: {fileID: 7355356350671623436}
  m_PrefabAsset: {fileID: 0}
--- !u!4 &1566582033 stripped
Transform:
  m_CorrespondingSourceObject: {fileID: 2831341383815385881, guid: 09aa752805506fd4eaad5ff3a404264c, type: 3}
  m_PrefabInstance: {fileID: 7355356350671623436}
  m_PrefabAsset: {fileID: 0}
--- !u!4 &1825327219 stripped
Transform:
  m_CorrespondingSourceObject: {fileID: 6753760455545665105, guid: 09aa752805506fd4eaad5ff3a404264c, type: 3}
  m_PrefabInstance: {fileID: 7355356350671623436}
  m_PrefabAsset: {fileID: 0}
--- !u!1 &1880117504
GameObject:
  m_ObjectHideFlags: 0
  m_CorrespondingSourceObject: {fileID: 0}
  m_PrefabInstance: {fileID: 0}
  m_PrefabAsset: {fileID: 0}
  serializedVersion: 6
  m_Component:
  - component: {fileID: 1880117507}
  - component: {fileID: 1880117506}
  - component: {fileID: 1880117505}
  m_Layer: 0
  m_Name: Main Camera
  m_TagString: MainCamera
  m_Icon: {fileID: 0}
  m_NavMeshLayer: 0
  m_StaticEditorFlags: 0
  m_IsActive: 1
--- !u!81 &1880117505
AudioListener:
  m_ObjectHideFlags: 0
  m_CorrespondingSourceObject: {fileID: 0}
  m_PrefabInstance: {fileID: 0}
  m_PrefabAsset: {fileID: 0}
  m_GameObject: {fileID: 1880117504}
  m_Enabled: 1
--- !u!20 &1880117506
Camera:
  m_ObjectHideFlags: 0
  m_CorrespondingSourceObject: {fileID: 0}
  m_PrefabInstance: {fileID: 0}
  m_PrefabAsset: {fileID: 0}
  m_GameObject: {fileID: 1880117504}
  m_Enabled: 1
  serializedVersion: 2
  m_ClearFlags: 1
  m_BackGroundColor: {r: 0.19215687, g: 0.3019608, b: 0.4745098, a: 0}
  m_projectionMatrixMode: 1
  m_GateFitMode: 2
  m_FOVAxisMode: 0
  m_Iso: 200
  m_ShutterSpeed: 0.005
  m_Aperture: 16
  m_FocusDistance: 10
  m_FocalLength: 50
  m_BladeCount: 5
  m_Curvature: {x: 2, y: 11}
  m_BarrelClipping: 0.25
  m_Anamorphism: 0
  m_SensorSize: {x: 36, y: 24}
  m_LensShift: {x: 0, y: 0}
  m_NormalizedViewPortRect:
    serializedVersion: 2
    x: 0
    y: 0
    width: 1
    height: 1
  near clip plane: 0.3
  far clip plane: 1000
  field of view: 60
  orthographic: 1
  orthographic size: 5
  m_Depth: -1
  m_CullingMask:
    serializedVersion: 2
    m_Bits: 4294967295
  m_RenderingPath: -1
  m_TargetTexture: {fileID: 0}
  m_TargetDisplay: 0
  m_TargetEye: 3
  m_HDR: 1
  m_AllowMSAA: 1
  m_AllowDynamicResolution: 0
  m_ForceIntoRT: 0
  m_OcclusionCulling: 1
  m_StereoConvergence: 10
  m_StereoSeparation: 0.022
--- !u!4 &1880117507
Transform:
  m_ObjectHideFlags: 0
  m_CorrespondingSourceObject: {fileID: 0}
  m_PrefabInstance: {fileID: 0}
  m_PrefabAsset: {fileID: 0}
  m_GameObject: {fileID: 1880117504}
  m_LocalRotation: {x: 0, y: 0, z: 0, w: 1}
  m_LocalPosition: {x: 0, y: 0, z: -10}
  m_LocalScale: {x: 1, y: 1, z: 1}
  m_ConstrainProportionsScale: 0
  m_Children: []
  m_Father: {fileID: 0}
  m_RootOrder: 0
  m_LocalEulerAnglesHint: {x: 0, y: 0, z: 0}
--- !u!4 &1964775291 stripped
Transform:
  m_CorrespondingSourceObject: {fileID: 4716485621229988211, guid: 09aa752805506fd4eaad5ff3a404264c, type: 3}
  m_PrefabInstance: {fileID: 7355356350671623436}
  m_PrefabAsset: {fileID: 0}
--- !u!4 &2037272035 stripped
Transform:
  m_CorrespondingSourceObject: {fileID: 6281162764888217475, guid: 09aa752805506fd4eaad5ff3a404264c, type: 3}
  m_PrefabInstance: {fileID: 7355356350671623436}
  m_PrefabAsset: {fileID: 0}
--- !u!1001 &4677323613049498058
PrefabInstance:
  m_ObjectHideFlags: 0
  serializedVersion: 2
  m_Modification:
    serializedVersion: 3
    m_TransformParent: {fileID: 0}
    m_Modifications:
    - target: {fileID: 1141368180550481402, guid: 3f380f72194b8e441a9b21dff5e01f59, type: 3}
      propertyPath: m_RootOrder
      value: 4
      objectReference: {fileID: 0}
    - target: {fileID: 1141368180550481402, guid: 3f380f72194b8e441a9b21dff5e01f59, type: 3}
      propertyPath: m_LocalPosition.x
      value: 5.10195
      objectReference: {fileID: 0}
    - target: {fileID: 1141368180550481402, guid: 3f380f72194b8e441a9b21dff5e01f59, type: 3}
      propertyPath: m_LocalPosition.y
      value: -1.6120672
      objectReference: {fileID: 0}
    - target: {fileID: 1141368180550481402, guid: 3f380f72194b8e441a9b21dff5e01f59, type: 3}
      propertyPath: m_LocalPosition.z
      value: 0.041748688
      objectReference: {fileID: 0}
    - target: {fileID: 1141368180550481402, guid: 3f380f72194b8e441a9b21dff5e01f59, type: 3}
      propertyPath: m_LocalRotation.w
      value: 1
      objectReference: {fileID: 0}
    - target: {fileID: 1141368180550481402, guid: 3f380f72194b8e441a9b21dff5e01f59, type: 3}
      propertyPath: m_LocalRotation.x
      value: 0
      objectReference: {fileID: 0}
    - target: {fileID: 1141368180550481402, guid: 3f380f72194b8e441a9b21dff5e01f59, type: 3}
      propertyPath: m_LocalRotation.y
      value: 0
      objectReference: {fileID: 0}
    - target: {fileID: 1141368180550481402, guid: 3f380f72194b8e441a9b21dff5e01f59, type: 3}
      propertyPath: m_LocalRotation.z
      value: 0
      objectReference: {fileID: 0}
    - target: {fileID: 1141368180550481402, guid: 3f380f72194b8e441a9b21dff5e01f59, type: 3}
      propertyPath: m_LocalEulerAnglesHint.x
      value: 0
      objectReference: {fileID: 0}
    - target: {fileID: 1141368180550481402, guid: 3f380f72194b8e441a9b21dff5e01f59, type: 3}
      propertyPath: m_LocalEulerAnglesHint.y
      value: 0
      objectReference: {fileID: 0}
    - target: {fileID: 1141368180550481402, guid: 3f380f72194b8e441a9b21dff5e01f59, type: 3}
      propertyPath: m_LocalEulerAnglesHint.z
      value: 0
      objectReference: {fileID: 0}
    - target: {fileID: 8503029319262794790, guid: 3f380f72194b8e441a9b21dff5e01f59, type: 3}
      propertyPath: m_Name
      value: TowerObject
      objectReference: {fileID: 0}
    m_RemovedComponents: []
    m_RemovedGameObjects: []
    m_AddedGameObjects: []
    m_AddedComponents: []
  m_SourcePrefab: {fileID: 100100000, guid: 3f380f72194b8e441a9b21dff5e01f59, type: 3}
--- !u!1001 &7355356350671623436
PrefabInstance:
  m_ObjectHideFlags: 0
  serializedVersion: 2
  m_Modification:
    serializedVersion: 3
    m_TransformParent: {fileID: 0}
    m_Modifications:
    - target: {fileID: 2751137876746101523, guid: 09aa752805506fd4eaad5ff3a404264c, type: 3}
      propertyPath: m_Name
      value: Points
      objectReference: {fileID: 0}
    - target: {fileID: 6489743258629283716, guid: 09aa752805506fd4eaad5ff3a404264c, type: 3}
      propertyPath: m_RootOrder
      value: 2
      objectReference: {fileID: 0}
    - target: {fileID: 6489743258629283716, guid: 09aa752805506fd4eaad5ff3a404264c, type: 3}
      propertyPath: m_LocalPosition.x
      value: -1.3128731
      objectReference: {fileID: 0}
    - target: {fileID: 6489743258629283716, guid: 09aa752805506fd4eaad5ff3a404264c, type: 3}
      propertyPath: m_LocalPosition.y
      value: 0.047766007
      objectReference: {fileID: 0}
    - target: {fileID: 6489743258629283716, guid: 09aa752805506fd4eaad5ff3a404264c, type: 3}
      propertyPath: m_LocalPosition.z
      value: 0.017132588
      objectReference: {fileID: 0}
    - target: {fileID: 6489743258629283716, guid: 09aa752805506fd4eaad5ff3a404264c, type: 3}
      propertyPath: m_LocalRotation.w
      value: 1
      objectReference: {fileID: 0}
    - target: {fileID: 6489743258629283716, guid: 09aa752805506fd4eaad5ff3a404264c, type: 3}
      propertyPath: m_LocalRotation.x
      value: 0
      objectReference: {fileID: 0}
    - target: {fileID: 6489743258629283716, guid: 09aa752805506fd4eaad5ff3a404264c, type: 3}
      propertyPath: m_LocalRotation.y
      value: 0
      objectReference: {fileID: 0}
    - target: {fileID: 6489743258629283716, guid: 09aa752805506fd4eaad5ff3a404264c, type: 3}
      propertyPath: m_LocalRotation.z
      value: 0
      objectReference: {fileID: 0}
    - target: {fileID: 6489743258629283716, guid: 09aa752805506fd4eaad5ff3a404264c, type: 3}
      propertyPath: m_LocalEulerAnglesHint.x
      value: 0
      objectReference: {fileID: 0}
    - target: {fileID: 6489743258629283716, guid: 09aa752805506fd4eaad5ff3a404264c, type: 3}
      propertyPath: m_LocalEulerAnglesHint.y
      value: 0
      objectReference: {fileID: 0}
    - target: {fileID: 6489743258629283716, guid: 09aa752805506fd4eaad5ff3a404264c, type: 3}
      propertyPath: m_LocalEulerAnglesHint.z
      value: 0
      objectReference: {fileID: 0}
    m_RemovedComponents: []
    m_RemovedGameObjects: []
    m_AddedGameObjects: []
    m_AddedComponents: []
  m_SourcePrefab: {fileID: 100100000, guid: 09aa752805506fd4eaad5ff3a404264c, type: 3}
--- !u!1001 &9102937269660769579
PrefabInstance:
  m_ObjectHideFlags: 0
  serializedVersion: 2
  m_Modification:
    serializedVersion: 3
    m_TransformParent: {fileID: 0}
    m_Modifications:
    - target: {fileID: 81060290672838926, guid: a2e213dc7b3432446ba931dc3ebf98dd, type: 3}
      propertyPath: Points.Array.data[0]
      value: 
      objectReference: {fileID: 1422583222}
    - target: {fileID: 81060290672838926, guid: a2e213dc7b3432446ba931dc3ebf98dd, type: 3}
      propertyPath: Points.Array.data[1]
      value: 
      objectReference: {fileID: 1514202041}
    - target: {fileID: 81060290672838926, guid: a2e213dc7b3432446ba931dc3ebf98dd, type: 3}
      propertyPath: Points.Array.data[2]
      value: 
      objectReference: {fileID: 1421979275}
    - target: {fileID: 81060290672838926, guid: a2e213dc7b3432446ba931dc3ebf98dd, type: 3}
      propertyPath: Points.Array.data[3]
      value: 
      objectReference: {fileID: 1566582033}
    - target: {fileID: 81060290672838926, guid: a2e213dc7b3432446ba931dc3ebf98dd, type: 3}
      propertyPath: Points.Array.data[4]
      value: 
      objectReference: {fileID: 1221745848}
    - target: {fileID: 81060290672838926, guid: a2e213dc7b3432446ba931dc3ebf98dd, type: 3}
      propertyPath: Points.Array.data[5]
      value: 
      objectReference: {fileID: 1825327219}
    - target: {fileID: 81060290672838926, guid: a2e213dc7b3432446ba931dc3ebf98dd, type: 3}
      propertyPath: Points.Array.data[6]
      value: 
      objectReference: {fileID: 1273513999}
    - target: {fileID: 81060290672838926, guid: a2e213dc7b3432446ba931dc3ebf98dd, type: 3}
      propertyPath: Points.Array.data[7]
      value: 
      objectReference: {fileID: 1964775291}
    - target: {fileID: 81060290672838926, guid: a2e213dc7b3432446ba931dc3ebf98dd, type: 3}
      propertyPath: Points.Array.data[8]
      value: 
      objectReference: {fileID: 241523712}
    - target: {fileID: 81060290672838926, guid: a2e213dc7b3432446ba931dc3ebf98dd, type: 3}
      propertyPath: Points.Array.data[9]
      value: 
      objectReference: {fileID: 1033064972}
    - target: {fileID: 81060290672838926, guid: a2e213dc7b3432446ba931dc3ebf98dd, type: 3}
      propertyPath: Points.Array.data[10]
      value: 
      objectReference: {fileID: 420801501}
    - target: {fileID: 81060290672838926, guid: a2e213dc7b3432446ba931dc3ebf98dd, type: 3}
      propertyPath: Points.Array.data[11]
      value: 
      objectReference: {fileID: 2037272035}
    - target: {fileID: 1988604826532829687, guid: a2e213dc7b3432446ba931dc3ebf98dd, type: 3}
      propertyPath: enemyPrefab
      value: 
      objectReference: {fileID: 3414036721648894324, guid: 1923ccd15166b3341a7bd75db0b0180e, type: 3}
    - target: {fileID: 3694435104496208117, guid: a2e213dc7b3432446ba931dc3ebf98dd, type: 3}
      propertyPath: m_Name
      value: LevelManager
      objectReference: {fileID: 0}
    - target: {fileID: 7337931084865760935, guid: a2e213dc7b3432446ba931dc3ebf98dd, type: 3}
      propertyPath: m_RootOrder
      value: 3
      objectReference: {fileID: 0}
    - target: {fileID: 7337931084865760935, guid: a2e213dc7b3432446ba931dc3ebf98dd, type: 3}
      propertyPath: m_LocalPosition.x
      value: -6.43
      objectReference: {fileID: 0}
    - target: {fileID: 7337931084865760935, guid: a2e213dc7b3432446ba931dc3ebf98dd, type: 3}
      propertyPath: m_LocalPosition.y
      value: 0.021770932
      objectReference: {fileID: 0}
    - target: {fileID: 7337931084865760935, guid: a2e213dc7b3432446ba931dc3ebf98dd, type: 3}
      propertyPath: m_LocalPosition.z
      value: 0.062651716
      objectReference: {fileID: 0}
    - target: {fileID: 7337931084865760935, guid: a2e213dc7b3432446ba931dc3ebf98dd, type: 3}
      propertyPath: m_LocalRotation.w
      value: 1
      objectReference: {fileID: 0}
    - target: {fileID: 7337931084865760935, guid: a2e213dc7b3432446ba931dc3ebf98dd, type: 3}
      propertyPath: m_LocalRotation.x
      value: 0
      objectReference: {fileID: 0}
    - target: {fileID: 7337931084865760935, guid: a2e213dc7b3432446ba931dc3ebf98dd, type: 3}
      propertyPath: m_LocalRotation.y
      value: 0
      objectReference: {fileID: 0}
    - target: {fileID: 7337931084865760935, guid: a2e213dc7b3432446ba931dc3ebf98dd, type: 3}
      propertyPath: m_LocalRotation.z
      value: 0
      objectReference: {fileID: 0}
    - target: {fileID: 7337931084865760935, guid: a2e213dc7b3432446ba931dc3ebf98dd, type: 3}
      propertyPath: m_LocalEulerAnglesHint.x
      value: 0
      objectReference: {fileID: 0}
    - target: {fileID: 7337931084865760935, guid: a2e213dc7b3432446ba931dc3ebf98dd, type: 3}
      propertyPath: m_LocalEulerAnglesHint.y
      value: 0
      objectReference: {fileID: 0}
    - target: {fileID: 7337931084865760935, guid: a2e213dc7b3432446ba931dc3ebf98dd, type: 3}
      propertyPath: m_LocalEulerAnglesHint.z
      value: 0
      objectReference: {fileID: 0}
    m_RemovedComponents: []
    m_RemovedGameObjects: []
    m_AddedGameObjects: []
    m_AddedComponents: []
  m_SourcePrefab: {fileID: 100100000, guid: a2e213dc7b3432446ba931dc3ebf98dd, type: 3}
